 Dungeon Crawl Stone Soup version 0.29-a0-207-gf982a884d8 (webtiles) character file.

Game seed: 12104736038356620908

429 drugrobin the Poker (level 6, -1/72 HPs)
             Began as a Demigod Warper on Feb 23, 2022.
             Slain by an orc wizard
             ... wielding a +3 dagger of speed
              (3 damage)
             ... on level 5 of the Dungeon.
             The game lasted 00:15:07 (6322 turns).

drugrobin the Poker (Demigod Warper)                Turns: 6322, Time: 00:15:08

Health: -1/72      AC:  3    Str: 20    XL:     6   Next: 38%
Magic:  11/11      EV: 11    Int: 15    God:
Gold:   182        SH:  0    Dex: 13    Spells: 3/8 levels left

rFire   . . .      SeeInvis .   r - +1 war axe (vamp)
rCold   . . .      Faith    .   (no shield)
rNeg    . . .      Spirit   .   j - +0 leather armour
rPois   .          Reflect  .   (no helmet)
rElec   .          Harm     .   (no cloak)
rCorr   .          Rampage  .   (no gloves)
Will    .....                   (no boots)
Stlth   ..........              (no amulet)
HPRegen 0.22/turn               (no ring)
MPRegen 0.12/turn               (no ring)

@: confused, berserking, attractive, very quick
A: high MP 1, forlorn, divine attributes
a: no special abilities


You were on level 5 of the Dungeon.
You visited 1 branch of the dungeon, and saw 5 of its levels.

You collected 182 gold pieces.

Inventory:

Hand Weapons
 a - a +0 spear
 b - a +0 hunting sling
 r - a +1 vampiric war axe (weapon)
Missiles
 d - 3 boomerangs of dispersal
 e - 167 stones (quivered)
 i - 3 boomerangs
 t - 6 poisoned darts
Armour
 j - a +0 leather armour (worn)
 m - a +0 pair of boots
Magical Staves
 n - a staff of fire
Scrolls
 c - a scroll of blinking
 f - 4 scrolls of identify
 h - a scroll of summoning {unknown}
 k - 5 scrolls of teleportation {unknown}
 l - a scroll of noise {unknown}
 q - a scroll of magic mapping {unknown}
 s - a scroll of immolation {unknown}
 u - a scroll of vulnerability {unknown}
 v - a scroll of enchant weapon {unknown}
 x - a scroll of fog {unknown}
Potions
 g - 2 potions of flight


   Skills:
 - Level 1.7 Fighting
 + Level 4.9 Polearms
 - Level 0.8 Throwing
 - Level 0.8 Armour
 - Level 1.7 Dodging
 - Level 2.0 Stealth
 - Level 1.7 Spellcasting
 + Level 4.6 Translocations


You had 3 spell levels left.
You knew the following spells:

 Your Spells              Type           Power      Damage    Failure   Level
a - Blink                 Tloc           30%        N/A       6%          2
b - Teleport Other        Tloc           15%        N/A       12%         3

Your spell library contained the following spells:

 Spells                   Type           Power      Damage    Failure   Level
 Gell's Gravitas          Tloc           15%        N/A       12%         3
 Lesser Beckoning         Tloc           15%        N/A       12%         3
 Slow                     Hex            4%         N/A       26%         1
 Ensorcelled Hibernation  Hex/Ice        2%         N/A       38%         2
 Dazzling Flash           Conj/Hex       2%         N/A       63%         3
 Inner Flame              Hex/Fire       1%         N/A       63%         3
 Passage of Golubria      Tloc           15%        N/A       38%         4
 Manifold Assault         Tloc           15%        N/A       75%         5
 Silence                  Hex/Air        0%         N/A       100%        5
 Yara's Violent Unravell  Hex/Tmut       0%         3d3       100%        5
 Lehudib's Crystal Spear  Conj/Erth      0%         10d2      100%        8


Dungeon Overview and Level Annotations

Branches:
Dungeon (5/15)
 Temple: D:4-7

Annotations:
D:4 exclusion: door


Innate Abilities, Weirdness & Mutations

You have an increased reservoir of magic. (+10% MP)
You shall have no god before yourself.
Your divine heritage dramatically boosts your attributes as you level up.


Message History

Unknown command.
Unknown command.
Unknown command.
Unknown command.
Unknown command.
Throw: 8 darts (poison)
Press: ? - help, Shift-Dir - straight line, f - orc wizard
Aim: an orc wizard, wielding a +3 dagger of speed and wearing a +0 robe (almost dead, 47% to hit)
You throw a poisoned dart.
The poisoned dart closely misses the orc wizard.
The poisoned dart hits the orc.
The orc is poisoned.
Throw: 7 darts (poison)
Press: ? - help, Shift-Dir - straight line, f/p - orc wizard
Aim: an orc wizard, wielding a +3 dagger of speed and wearing a +0 robe (almost dead, 47% to hit)
You throw a poisoned dart.
The poisoned dart closely misses the orc wizard.
The poisoned dart barely misses the orc.
The orc wizard gestures at you while chanting.
You are confused.
You bump into the rock wall.
Unknown command.
Unknown command.
Unknown command.
The orc wizard gestures at you while chanting.
The magic dart hits you!
* * * LOW HITPOINT WARNING * * *
Unknown command.
Unknown command.
Unknown command.
Unknown command.
It was a potion of attraction.
You feel attractive to monsters. The orc wizard casts a spell at you.
You resist with some effort. The orc wizard is attracted toward you.
The orc is attracted toward you.
It was a potion of berserk rage.
A red film seems to cover your vision as you go berserk!
You feel yourself moving faster!
You feel mighty!
The orc wizard hits you with a +3 dagger of speed.
You die...

#..#####.........#
#........###.###.# ##.#####.# #.#
#.# #.# #.###'###.# #(#
#.###_'...# #§# #.###'###..# #o#
#.# #.# #..#
####o#####.###.###..#
#...@................
#.##.#####...#.###### #.##.#
#.#...######
#.##.#####.#.####...#
######.##.......#........#
#...............#.####...#
#.####.##.......#÷.####.## #####
##.## #.##................#
....###...###.##...>............#


You could see an orc wizard and an orc (poisoned).

Vanquished Creatures
  An ogre (D:5)
  A howler monkey (D:4)
  A bullfrog skeleton (D:5)
  2 hounds
  Natasha (D:4)
  An orc wizard (D:4)
  2 hound skeletons (D:4)
  4 adders
  A white imp (D:4)
  An ufetubus (D:3)
  An adder skeleton (D:4)
  2 worms
  5 dart slugs
  7 orcs
  9 endoplasms
  4 giant cockroaches
  3 goblins
  6 hobgoblins
  8 kobolds
  3 quokkas
  6 ball pythons
  6 bats
  6 frilled lizards
  A jackal skeleton (D:4)
  2 rats
84 creatures vanquished.

Vanquished Creatures (others)
  An orc wizard (D:5)
1 creature vanquished.

Grand Total: 85 creatures vanquished

Notes
Turn   | Place    | Note
-------+----------+-------------------------------------------
     0 | D:1      | drugrobin the Demigod Warper began the quest for the Orb.
     0 | D:1      | Reached XP level 1. HP: 17/17 MP: 5/5
   716 | D:1      | Reached XP level 2. HP: 24/24 MP: 7/7
  1146 | D:1      | Got the Incunabulum of Execration
  1495 | D:1      | Reached XP level 3. HP: 29/29 MP: 8/8
  1617 | D:1      | Learned a level 2 spell: Blink
  1621 | D:1      | Learned a level 3 spell: Teleport Other
  3177 | D:3      | You fall into a shaft and drop 2 floors!
  3177 | D:5      | Entered Level 5 of the Dungeon
  3301 | D:4      | Noticed a scorpion
  3518 | D:4      | Reached skill level 1 in Stealth
  3518 | D:4      | Reached XP level 4. HP: 16/36 MP: 9/9
  4218 | D:3      | Noticed an ogre
  4433 | D:4      | Noticed Natasha
  4445 | D:3      | HP: 1/36 [hound (4)]
  4451 | D:3      | Reached XP level 5. HP: 1/41 MP: 1/10
  4953 | D:4      | Noticed an orc warrior
  5060 | D:4      | Killed Natasha
  5914 | D:5      | Noticed an ogre
  5959 | D:5      | Reached XP level 6. HP: 33/48 MP: 11/11
  6320 | D:5      | HP: 1/48 [orc wizard/magic dart (8)]
  6322 | D:5      | Slain by an orc wizard

Illustrated notes

Levels and vault maps discovered:
D:1:      sevenhm_arrival_forest_fort_small_3, layout_loops_corners
D:2:      layout_loops_cross, serial_co_window_serial, co_window_paths_a,
          co_window_paths_a, co_window_paths_a, co_window_of_opportunity_a,
          co_window_corner_a, co_window_corner_a, co_window_paths_a,
          co_window_paths_c, co_window_broadway_c, co_window_2corner,
          co_window_paths_e, co_window_sun, glass_columns_b, glass_columns_c,
          glass_columns_a, shapermc_ecumenical_altar_starsandcircs
D:3:      layout_basic, okawaru_gym_becter, fiery_altar_vehumet,
          amcnicky_altar_gilded, grunt_dithmenos_smoke_and_mirrors
D:4:      layout_loops_ring, lightli_corner_chamber, uniq_natasha
D:5:      layout_loops_ring, lemuel_doored_altar, grunt_ministairs_10

Skill      XL: |  1  2  3  4  5 |
---------------+----------------+-----
Polearms       | 2 3 4 |  4.9
Translocations | 3 4 |  4.6
Stealth        | 1 2 |  2.0
Fighting       | |  1.7
Throwing       | |  0.8
Armour         | |  0.8
Dodging        | |  1.7
Spellcasting   | |  1.7

Action                   |  1- 3 |  4- 6 || total
-------------------------+-------+-------++-------
Melee: Spear             |   189 |    12 ||   201
       Punch             |     1 |     1 ||     2
       War axe           |       |   143 ||   143
 Fire: Hunting sling     |    30 |       ||    30
Throw: Stone             |     1 |     7 ||     8
       Dart              |       |    18 ||    18
       Boomerang         |       |     3 ||     3
 Cast: Teleport Other    |     1 |     2 ||     3
       Blink             |       |     5 ||     5
  Use: Potion            |       |     6 ||     6
       Scroll            |       |     1 ||     1
 Stab: Sleeping          |     3 |     1 ||     4
Armor: Leather armour    |    39 |    53 ||    92
Dodge: Dodged            |    82 |   108 ||   190

Table legend: (Time is in decaauts)
 A = Elapsed time spent in this place.
 B = Non-inter-level travel time spent in this place.
 C = Inter-level travel time spent in this place.
 D = Time resting spent in this place.
 E = Time spent auto-exploring this place.
 F = Levels seen in this place.
 G = Mean time per level.
                   A        B        C        D        E       F      G
               +--------+--------+--------+--------+--------+-----+--------+
         Total |   6382 |   6185 |    197 |   1925 |   2904 |   5 | 1276.4 |
       Dungeon |   6382 |   6185 |    197 |   1925 |   2904 |   5 | 1276.4 |
               +--------+--------+--------+--------+--------+-----+--------+

Top non-repeatable levels by time:
     D:2: 1676 daAuts
     D:1: 1621 daAuts
     D:4: 1539 daAuts
     D:3: 1044 daAuts
     D:5: 501 daAuts
